 Dungeon Crawl Stone Soup version 0.17-a0-1521-gbe3fe00 (webtiles) character file.

23 Eptagon the Digger (level 3, -1/19 HPs)
             Began as a Gargoyle Earth Elementalist on July 14, 2015.
             Slain by a jackal (2 damage)
             ... on level 1 of the Dungeon.
             The game lasted 00:04:19 (883 turns).

Eptagon the Digger (Gargoyle Earth Elementalist)     Turns: 883, Time: 00:04:19

Health: -1/19      AC:  8    Str: 16    XL:     3   Next: 0%
Magic:  0/6        EV: 10    Int: 15    God:
Gold:   84         SH:  0    Dex: 11    Spells: 2 memorised, 3 levels left

rFire  . . .     SeeInvis .     a - +0 club
rCold  . . .     Clarity  .     h - +0 ring mail
rNeg   + . .     SustAt   .     (no shield)
rPois  ∞         Gourm    .     (no helmet)
rElec  +         Spirit   .     (no cloak)
rCorr  .         Warding  .     (no gloves)
rMut   .         Stasis   .     (no boots)
MR     .....                    (no amulet)
Stlth  +.........               (no ring)
                                (no ring)

@: mighty, not resistant to hostile enchantments, very unstealthy
A: negative energy resistance 1, electricity resistance, unbreathing,
petrification resistance, rot immunity, AC +3
a: no special abilities


You were on level 1 of the Dungeon.
You were hungry.

You visited 1 branch of the dungeon, and saw 1 of its levels.

You collected 84 gold pieces.

Inventory:

Hand weapons
 a - a +0 club (weapon)
Missiles
 c - 18 stones (quivered)
Armour
 h - a +0 ring mail (worn)
Jewellery
 j - an uncursed ring of flight {unknown}
Scrolls
 e - a scroll of remove curse {unknown}
 g - a scroll of enchant weapon {unknown}
Books
 b - a book of Geomancy

   Spells                             Type                      Level
   a - Sandblast                      Earth                        1
   b - Stoneskin                      Transmutation/Earth          2
   c - Passwall                       Transmutation/Earth          3
   d - Stone Arrow                    Conjuration/Earth            3
   e - Petrify                        Transmutation/Earth          4
   f - Lee's Rapid Deconstruction     Earth                        5
Comestibles
 d - a bread ration
 f - 2 meat rations
 i - a chunk of flesh


   Skills:
 - Level 1.5 Dodging
 - Level 2.1 Stealth
 - Level 2.0 Spellcasting
 - Level 0.7 Transmutations
 + Level 4.9 Earth Magic


You had 3 spell levels left.
You knew the following spells:

 Your Spells              Type           Power        Failure   Level  Hunger
a - Sandblast             Erth           ###...       8%          1    #......
b - Stoneskin             Trmt/Erth      ##......     24%         2    ###....


Dungeon Overview and Level Annotations

Branches:
Dungeon (1/15)

Altars:


Innate Abilities, Weirdness & Mutations

You are resistant to torment.
Your stone body is resilient (AC +3).
You are immune to poison.
You resist negative energy.
You are resistant to electric shocks.
You can survive without breathing.
You are immune to petrification.
You are immune to rotting.


Message History

Casting: Sandblast
Confirm with . or Enter, or press ? or * to list all spells.
Aiming: Sandblast
Press: ? - help, Shift-Dir - straight line, f/p - jackal
Aim: a jackal (heavily wounded)
The blast of sand misses the jackal.
The jackal bites you but does no damage. x2
Drink which item? (? for menu, Esc to quit)
It was a potion of might.
You feel very mighty all of a sudden. The jackal barely misses you.
You barely miss the jackal.
The jackal is heavily wounded.
The jackal bites you but does no damage.
The jackal bites you.
* * * LOW HITPOINT WARNING * * *
You closely miss the jackal.
The jackal is heavily wounded.
The jackal bites you.
You die...

#.# #.# ..# #.#
#.# #. ##.## .##
###.####...######
.#
...............#
.#
#.##.#).(####.#
.#
#........h)...#
.#
#.##h##.#####.#
.#.
#.####.##@##.###
.#.#
#...............#
.#.#
######.##.#####.#
.#.# #...##.####
.#.# #..........
.#.# #..########
.#.########..#
.#...........#
.#.#.#########


You could see a jackal.

Vanquished Creatures
  An ooze (D:1)
  A worm (D:1)
  2 bats (D:1)
  A giant cockroach (D:1)
  A hobgoblin (D:1)
  A jackal (D:1)
  3 kobolds (D:1)
  A ball python (D:1)
  3 goblins (D:1)
  2 rats (D:1)
16 creatures vanquished.

Notes
Turn   | Place    | Note
--------------------------------------------------------------
     0 | D:1      | Eptagon the Gargoyle Earth Elementalist began the quest for the Orb.
     0 | D:1      | Reached XP level 1. HP: 10/10 MP: 3/3
   102 | D:1      | Reached skill level 4 in Earth Magic
   102 | D:1      | Reached XP level 2. HP: 7/15 MP: 0/5
   617 | D:1      | Learned a level 2 spell: Stoneskin
   864 | D:1      | Reached XP level 3. HP: 8/19 MP: 2/6
   883 | D:1      | Slain by a jackal

Vault maps used:
D:1:      onia_arrival_handbag

Action                   || total
-------------------------++-------
Melee: Unarmed           ||    25
       Club              ||    30
 Cast: Sandblast         ||    33
  Use: Potion            ||     1
 Stab: Sleeping          ||     1
